 Dungeon Crawl Stone Soup version 0.17.0-15-g6d90897 (webtiles) character file.

169 4thArraOfDagon the Chopper (level 5, 12/47 HPs)
             Began as a Minotaur Fighter on Nov 10, 2015.
             Quit the game on level 5 of the Dungeon.
             The game lasted 00:02:28 (431 turns).

4thArraOfDagon the Chopper (Minotaur Fighter)        Turns: 431, Time: 00:02:28

Health: 12/47      AC:  8    Str: 21    XL:     5   Next: 25%
Magic:  4/4        EV: 12    Int:  6    God:
Gold:   56         SH:  9    Dex: 14    Spells: 0 memorised, 4 levels left

rFire  . . .     SeeInvis .     a - +0 war axe
rCold  . . .     Clarity  .     b - +1 scale mail
rNeg   + . .     SustAt   .     c - +0 shield
rPois  .         Gourm    .     (helmet restricted)
rElec  .         Spirit   .     (no cloak)
rCorr  .         Warding  +     (no gloves)
rMut   .         Stasis   .     (no boots)
MR     .....                    h - amulet of warding
Stlth  +.........               (no ring)
                                (no ring)

@: agile, lethally poisoned (12 -> 0), not resistant to hostile enchantments,
very unstealthy
A: retaliatory headbutt, horns 2
a: no special abilities


You were on level 5 of the Dungeon.
You were not hungry.

You visited 1 branch of the dungeon, and saw 6 of its levels.

You collected 56 gold pieces.

Inventory:

Hand Weapons
 a - a +0 war axe (weapon)
 d - a +0 blowgun
Armour
 b - a +1 scale mail (worn)
 c - a +0 shield (worn)
Jewellery
 h - an amulet of warding (around neck)
Comestibles
 e - 2 bread rations
 j - a beef jerky


   Skills:
 + Level 4.8 Fighting
 * Level 4.9 Axes
 + Level 4.7 Armour
 - Level 3.6 Shields


You had 4 spell levels left.
You didn't know any spells.

Dungeon Overview and Level Annotations

Branches:
Dungeon (6/15)
 Temple: D:4-7

Altars:
Fedhas
Gozag
Okawaru

Annotations:
D:6 Prince Ribbit


Innate Abilities, Weirdness & Mutations

You reflexively headbutt those who attack you in melee.
You have a pair of horns on your head.


Message History

Drink which item? (? for menu, Esc to quit)
It was a potion of poison.
That liquid tasted very nasty...
You are lethally poisoned!
* * * LOW HITPOINT WARNING * * *
You feel sick. You block the hound's attack.
Unknown command.
Drink which item? (? for menu, Esc to quit)
It was a potion of agility.
You feel agile all of a sudden.
* * * LOW HITPOINT WARNING * * *
You feel sick. The hound closely misses you. You furiously retaliate!
You headbutt the hound. The hound bites you but does no damage.
Unknown command.
Drink which item? (? for menu, Esc to quit)
You feel more agile all of a sudden.
* * * LOW HITPOINT WARNING * * *
You feel sick. The hound closely misses you.
Unknown command.
Are you sure you want to abandon this character and quit the game? (Confirm with "yes".)

###############.#,,,,,,,,,,,,,,,,
#.#***,************ #.# *,*******
*,,, #.# *,,,,,,,* *,**
###################*******,***,*,
..................# *,,,,,*,
...#...#...#..o#..# *******,
..............oh._# *,
...#...#...#...#@.# *,
..................# *,
###################*************,
*,,,,,,,,,,,,,,,,,,
******************, *, **


You could see a hound and 2 orcs.

Vanquished Creatures
  A big kobold (D:5)
  A crimson imp (D:5)
  An orc priest (D:5)
  A worm (D:3)
  An orc (D:5)
  2 bats
  A giant cockroach (D:1)
  A goblin (D:3)
  2 hobgoblins (D:3)
  20 kobolds (D:5)
  A ball python (D:2)
  A giant gecko (D:1)
  3 giant newts
  A jackal (D:5)
37 creatures vanquished.

Notes
Turn   | Place    | Note
--------------------------------------------------------------
     0 | D:1      | 4thArraOfDagon the Minotaur Fighter began the quest for the Orb.
     0 | D:1      | Reached XP level 1. HP: 19/19 MP: 0/0
    47 | D:3      | Found an opulent altar of Gozag.
    62 | D:3      | Reached XP level 2. HP: 18/27 MP: 1/1
   136 | D:5      | Entered Level 5 of the Dungeon
   154 | D:6      | Noticed Prince Ribbit
   178 | D:5      | Reached skill level 4 in Fighting
   178 | D:5      | Reached XP level 3. HP: 31/33 MP: 2/2
   269 | D:5      | Found a blossoming altar of Fedhas.
   270 | D:5      | Noticed an orc warrior
   271 | D:5      | Noticed a big kobold
   283 | D:5      | Killed a big kobold
   283 | D:5      | Reached XP level 4. HP: 26/41 MP: 3/3
   289 | D:5      | Reached XP level 5. HP: 30/47 MP: 4/4
   411 | D:5      | Found an iron altar of Okawaru.
   422 | D:5      | HP: 2/47 [orc warrior/trident (16)]
   431 | D:5      | Quit the game

Action                   |  1- 3 |  4- 6 || total
-------------------------+-------+-------++-------
Melee: War axe           |    46 |    15 ||    61
  Use: Potion            |     1 |     5 ||     6
       Scroll            |       |     3 ||     3
